 Dungeon Crawl Stone Soup version 0.28-a0-695-gff097466f2 (webtiles) character file.

Game seed: 15108526429339153659

760 funkygono the Firebug (level 7, -2/37 HPs)
             Began as a Gargoyle Fire Elementalist on Oct 22, 2021.
             Killed by divine providence
             ... invoked by an orc priest
              (10 damage)
             ... on level 4 of the Dungeon.
             The game lasted 00:09:24 (4490 turns).

funkygono the Firebug (Gargoyle Fire Elementalist)  Turns: 4490, Time: 00:09:26

Health: -2/37      AC:  9    Str: 12    XL:     7   Next: 80%
Magic:  3/14       EV: 12    Int: 17    God:
Gold:   160        SH:  0    Dex: 10    Spells: 5/15 levels left

rFire   . . .      SeeInvis .   c - +2 whip
rCold   + . .      Faith    .   (no shield)
rNeg    + . .      Spirit   .   g - +2 robe {rC+}
rPois   ∞          Reflect  .   (no helmet)
rElec   +          Harm     .   (no cloak)
rCorr   .          Rampage  .   (no gloves)
Will    .....                   m - +0 pair of boots
Stlth   ++........              (no amulet)
HPRegen 0.12/turn               b - ring of flight
MPRegen 0.14/turn               (no ring)

@: flying
A: sickness immunity, AC +4, negative energy resistance 1, electricity
resistance, torment resistance 1, petrification resistance
a: no special abilities


You were on level 4 of the Dungeon.
You visited 1 branch of the dungeon, and saw 4 of its levels.
You also visited: Ossuary.

You collected 160 gold pieces.

Inventory:

Hand Weapons
 c - a +2 whip (weapon)
Missiles
 d - 147 stones
Armour
 g - a +2 robe of cold resistance (worn)
 m - a +0 pair of boots (worn)
Jewellery
 b - a ring of flight (left hand)
Scrolls
 a - a scroll of teleportation {unknown}
 e - a scroll of fog
 f - 4 scrolls of blinking
 o - a scroll of holy word {unknown}
 q - a scroll of identify {unknown}
 r - a scroll of silence {unknown}
Potions
 h - 2 potions of heal wounds {unknown}
 i - 2 potions of might {unknown}
 j - a potion of haste {unknown}
 k - 2 potions of lignification {unknown}
 l - 2 potions of brilliance {unknown}
 n - 3 potions of curing
 p - 2 potions of flight {unknown}


   Skills:
 + Level 0.5 Fighting
 + Level 1.2 Maces & Flails
 + Level 2.0 Dodging
 - Level 2.1 Stealth
 * Level 4.7 Spellcasting
 * Level 4.4 Conjurations
 * Level 5.8 Fire Magic


You had 5 spell levels left.
You knew the following spells:

 Your Spells              Type           Power      Damage    Failure   Level
a - Foxfire               Conj/Fire      84%        2x1d8     1%          1
b - Scorch                Fire           46%        2d7       1%          2
c - Conjure Flame         Conj/Fire      21%        6-21      5%          3
d - Flame Wave            Conj/Fire      21%        3d6       19%         4

Your spell library contained the following spells:

 Spells                   Type           Power      Damage    Failure   Level
 Inner Flame              Hex/Fire       13%        N/A       13%         3
 Freeze                   Ice            16%        1d4       14%         1
 Slow                     Hex            4%         N/A       22%         2
 Confusing Touch          Hex            4%         N/A       41%         3
 Frozen Ramparts          Ice            8%         1d2       41%         3
 Vampiric Draining        Necr           2%         2d6       41%         3
 Hailstorm                Conj/Ice       11%        3d5       52%         4


Dungeon Overview and Level Annotations

Branches:
Dungeon (4/15)            Ossuary (visited)
 Temple: D:4-7

Altars:
Cheibriados


Innate Abilities, Weirdness & Mutations

You are immune to sickness and miasma.
Your stone body is resilient. (AC +4)
You are immune to poison.
You resist negative energy. (rN+)
You are resistant to electric shocks. (rElec)
You are resistant to unholy torment.
You are immune to petrification.


Message History

The gnoll throws a poisoned dart.
The poisoned dart misses you.
The foxfire hits the black bear.
The black bear is heavily wounded.
Casting: Foxfire (safe; 1% risk of failure)
Confirm with . or Enter, or press ? or * to list all spells.
You conjure some foxfire!
The gnoll throws a poisoned dart.
The poisoned dart closely misses you.
The foxfire hits the black bear.
The black bear is severely wounded.
Unknown command.
Casting: Foxfire (safe; 1% risk of failure)
Confirm with . or Enter, or press ? or * to list all spells.
You don't have enough magic to cast this spell.
The foxfire hits the black bear.
The black bear is severely wounded.
The foxfire hits the black bear but does no damage.
The black bear is severely wounded.
The foxfire hits the black bear.
The black bear is almost dead.
An orc priest comes into view. It is wielding a +0 dagger.
You hear a zap.
Some rock shatters into small pieces.
You hear a zap.
Some rock shatters into small pieces.
The orc priest casts a cantrip, but nothing happens.
The black bear goes berserk!
You hear a zap.
You hear a grinding noise.
An orc comes into view. It is wielding a +0 flail.
The orc closely misses you. The black bear bites you!
The black bear closely misses you.
The black bear claws you but does no damage.
The black bear bites you! The black bear completely misses you.
The black bear claws you but does no damage.
The black bear bites you!
* * * LOW HITPOINT WARNING * * *
The black bear claws you.
* * * LOW HITPOINT WARNING * * *
The black bear barely misses you.
The orc priest invokes the aid of Beogh against you.
Beogh smites you!
You die...

#...........#.......##
........#...8...o...####
#......##............#
#...... ##(.........##
.......###....g....##
...................##
.....###............##
...# ##..oh........##
##..@.........#
#.........#..#
###.......#.##
#....#...### ##..#.##.##
#.....#### # ###.....#
##...#.###.....## ..
#... .....##..#


You could see a black bear (berserk), an orc priest, a gnoll and an orc.

Vanquished Creatures
  Sigmund (D:3)
  5 water moccasin zombies (Ossuary)
  A water moccasin skeleton (D:4)
  A hound (D:3)
  A centaur skeleton (D:3)
  2 mummies (Ossuary)
  A gnoll (D:4)
  5 adders
  5 adder zombies (Ossuary)
  6 dart slugs
  4 orcs
  10 ball pythons
  6 bats
  7 endoplasms
  2 giant cockroaches
  5 gnoll zombies (Ossuary)
  12 goblins
  8 hobgoblins
  2 jackals (D:1)
  4 quokkas
  6 frilled lizards
  6 hobgoblin zombies (Ossuary)
  6 kobolds (D:1)
  7 kobold zombies (Ossuary)
  3 orc zombies (Ossuary)
  8 rats
124 creatures vanquished.

Vanquished Creatures (others)
  376 foxfires
376 creatures vanquished.

Grand Total: 500 creatures vanquished

Notes
Turn   | Place    | Note
-------+----------+-------------------------------------------
     0 | D:1      | funkygono the Gargoyle Fire Elementalist began the quest
                  | for the Orb.
     0 | D:1      | Reached XP level 1. HP: 10/10 MP: 3/3
   154 | D:1      | Reached XP level 2. HP: 15/15 MP: 0/5
   551 | D:1      | Learned a level 2 spell: Scorch
   571 | D:1      | Reached XP level 3. HP: 19/19 MP: 3/6
   618 | D:1      | Learned a level 3 spell: Conjure Flame
  1482 | D:2      | Reached XP level 4. HP: 24/24 MP: 4/7
  1525 | D:2      | Reached skill level 4 in Fire Magic
  2487 | D:3      | Noticed Sigmund
  2508 | D:3      | Killed Sigmund
  2509 | D:3      | Reached XP level 5. HP: 11/28 MP: 0/10
  2509 | D:3      | Reached XP level 6. HP: 13/32 MP: 0/11
  2761 | D:3      | Found a snail-covered altar of Cheibriados.
  3324 | D:3      | Reached skill level 5 in Fire Magic
  3472 | D:3      | Learned a level 4 spell: Flame Wave
  3576 | D:4      | Found a sand-covered staircase.
  3585 | Ossuary  | Entered an ossuary
  3769 | Ossuary  | Reached XP level 7. HP: 34/36 MP: 3/13
  3896 | Ossuary  | Reached skill level 1 in Maces & Flails
  4490 | D:4      | Killed from afar by an orc priest

Illustrated notes

Levels and vault maps discovered:
D:1:      sevenhm_arrival_forest_fort_small_4, layout_loops_ring,
          minmay_stone_trees_small, minmay_octomino_e4
D:2:      layout_rooms, guppyfry_early_orc_mine
D:3:      kb_forest_paths, layout_rooms, cheibriados_altar_1, st_stairs_2,
          chequers_serial_rivers_room_a, uniq_sigmund
D:4:      cheibrodos_barr_body, layout_cave_pools,
          mainiacjoe_overflow_six_doors_small, nicolae_ossuary_entry_monument

Skill      XL: |  1  2  3  4  5  6  7 |
---------------+----------------------+-----
Conjurations   | 2 3 4 |  4.4
Fire Magic     | 4 5 |  5.8
Spellcasting   | 3 4 |  4.7
Dodging        | 2 |  2.0
Maces & Flails | 1 |  1.2
Fighting       | |  0.5
Stealth        | |  2.1

Action                   |  1- 3 |  4- 6 |  7- 9 || total
-------------------------+-------+-------+-------++-------
Melee: Whip              |     3 |    32 |    10 ||    45
 Cast: Foxfire           |    63 |    91 |    67 ||   221
       Scorch            |       |    21 |     1 ||    22
  Use: Scroll            |     5 |     2 |       ||     7
       Potion            |       |     1 |       ||     1
Armor: Robe              |     2 |    46 |    17 ||    65
Dodge: Dodged            |     3 |    98 |    24 ||   125

Table legend: (Time is in decaauts)
 A = Elapsed time spent in this place.
 B = Non-inter-level travel time spent in this place.
 C = Inter-level travel time spent in this place.
 D = Time resting spent in this place.
 E = Time spent auto-exploring this place.
 F = Levels seen in this place.
 G = Mean time per level.
                   A        B        C        D        E       F      G
               +--------+--------+--------+--------+--------+-----+--------+
         Total |   4493 |   4446 |     47 |    823 |   2603 |   5 |  898.6 |
       Dungeon |   3729 |   3682 |     47 |    473 |   2446 |   4 |  932.2 |
       Ossuary |    764 |    764 |      0 |    350 |    157 |   1 |  764.0 |
               +--------+--------+--------+--------+--------+-----+--------+

Top non-repeatable levels by time:
     D:1: 1347 daAuts
     D:3: 1133 daAuts
     D:2: 1031 daAuts
 Ossuary: 764 daAuts
     D:4: 216 daAuts
